 Dungeon Crawl Stone Soup version 0.31.0-11-ge490571c62 (webtiles) character file.

Game seed: 4234455533645076610

281721 oldmanjim the Eclecticist (level 21, 0/146 (150) HPs)
             Began as a Djinni Monk on Jan 27, 2024.
             Was the Champion of Makhleb.
             Killed from afar by an ironbound frostheart (3 damage)
             ... by creeping frost
             ... on level 3 of the Vaults on Feb 10, 2024.
             The game lasted 06:21:11 (35060 turns).

oldmanjim the Eclecticist (Djinni Monk)            Turns: 35060, Time: 06:21:11

HP:   0/146 (150)   AC: 17    Str: 13    XL:     21   Next: 38%
Gold: 2090          EV: 20    Int: 33    God:    Makhleb [******] SH: 15 Dex: 20

rFire   + + +        b - +0 quick blade of Xaytaf {antimagic, Int+4}
rCold   + . .        A - +3 kite shield of Zelliwno {rN+}
rNeg    + . .        W - +7 toga "Victory" {*Victory Int+7 Slay+7 Clar}
rPois   ∞            v - +2 helmet {Int+3}
rElec   +            u - scarf of the Eternal Fruit {rC+ rF+, rPois Dex+2}
rCorr   .            U - +3 pair of gauntlets of War {Slay+5}
SInv    .            (boots unavailable)
Will    +++..        L - amulet of regeneration
Stlth   +++          m - ring "Popaifu" {rElec Will+ Str+3 Int-2}
HPRegen 1.24/turn    h - ring of protection from cold
MPRegen 0.00/turn

%: clarity, infuse magic (-1 HP)
@: flying, very slightly contaminated, lightly drained
A: sickness immunity, fire resistance 2, cold vulnerability 1, float, innate
caster, HP casting, extra vitality 1
}: 2/15 runes: decaying, serpentine
a: Renounce Religion, Minor Destruction, Lesser Servant of Makhleb, Major
Destruction, Greater Servant of Makhleb


You were on level 3 of the Vaults.
You worshipped Makhleb.
Makhleb was exalted by your worship.
You visited 7 branches of the dungeon, and saw 34 of its levels.
You visited 1 bazaar.
You also visited: Volcano.

You collected 3547 gold pieces.
You spent 1457 gold pieces at shops.

Inventory:

Hand Weapons
 a - the +1 dagger of Tumult {flame, Will+ Str-4 Dex+2}
   (You found it on level 7 of the Dungeon)

   Str-4:     It affects your strength (-4).
   Dex+2:     It affects your dexterity (+2).
   Will+:     It increases your willpower.
 b - the +0 quick blade of Xaytaf (weapon) {antimagic, Int+4}
   (You acquired it on level 1 of the Dungeon)

   Int+4:     It affects your intelligence (+4).
 H - the +6 spear of Puofyr {speed, rF- rC+ Int+9}
   (You found it on level 1 of the Lair of Beasts)

   Int+9:     It affects your intelligence (+9).
   rF-:       It makes you vulnerable to fire.
   rC+:       It protects you from cold.
Missiles
 p - 5 throwing nets (quivered)
 D - 12 curare-tipped darts
 M - 4 silver javelins
Armour
 u - the scarf of the Eternal Fruit (worn) {rC+ rF+, rPois Dex+2}
   (You acquired it on level 1 of the Snake Pit)

   Dex+2:     It affects your dexterity (+2).
   rPois:     It protects you from poison
 v - a +2 helmet of intelligence (worn)
 A - the +3 kite shield of Zelliwno (worn) {rN+}
   (You acquired it on level 15 of the Dungeon)

   rN+:       It protects you from negative energy.
 U - the +3 pair of gauntlets of War (worn) {Slay+5}
   (You found it on level 3 of the Swamp)

   Slay+5:    It affects your accuracy & damage with ranged weapons and melee
   (+5).
 W - the +7 toga "Victory" (worn) {*Victory Int+7 Slay+7 Clar}
   (You found it on level 5 of the Dungeon)

   *Victory:  When the wearer kills a threatening monster, it has a chance to
   gain +1 AC, +1 Slay, and +1 Int, capping at +7.
   When the wearer uses a scroll or a potion with a hostile monster in sight,
   its bonuses reset to +0.
   Unequipping it also resets its bonuses to +0.
   Int+7:     It affects your intelligence (+7).
   Slay+7:    It affects your accuracy & damage with ranged weapons and melee
   (+7).
   Clar:      It protects you from confusion, rage, mesmerisation and fear.
Jewellery
 d - a ring of willpower
 h - a ring of protection from cold (right hand)
 m - the ring "Popaifu" (left hand) {rElec Will+ Str+3 Int-2}
   (You acquired it on level 2 of the Orcish Mines)

   [ring of willpower]

   Str+3:     It affects your strength (+3).
   Int-2:     It affects your intelligence (-2).
   rElec:     It insulates you from electricity.
   Will+:     It increases your willpower.
 K - a ring of wizardry
 L - an amulet of regeneration (around neck)
 N - a ring of positive energy
 Q - a ring of resist corrosion
 Z - a ring of see invisible
Wands
 y - a wand of roots (22)
 J - a wand of light (12)
 S - a wand of digging (47)
 T - a wand of mindburst (4)
 V - a wand of flame (45)
Scrolls
 e - 8 scrolls of poison
 g - 11 scrolls of teleportation
 n - 8 scrolls of enchant armour
 o - 2 scrolls of revelation
 r - 8 scrolls of fog
 s - 4 scrolls of silence
 w - 5 scrolls of fear
 x - 9 scrolls of blinking
 z - 5 scrolls of enchant weapon
 G - 6 scrolls of immolation
 R - 3 scrolls of butterflies
Potions
 c - 8 potions of ambrosia
 f - 2 potions of cancellation
 i - 12 potions of curing
 k - 12 potions of mutation
 l - 8 potions of heal wounds
 t - 7 potions of invisibility
 B - 5 potions of resistance
 E - 4 potions of enlightenment
 F - 6 potions of brilliance
 I - 3 potions of haste
 O - 2 potions of lignification
 P - 3 potions of berserk rage
 Y - 2 potions of might
Miscellaneous
 j - a phantom mirror
 q - a phial of floods


   Skills:
 + Level 13.4 Fighting
 - Level 14.0 Short Blades
 + Level 9.5 Armour
 + Level 12.9 Dodging
 - Level 3.0 Stealth
 - Level 10.0 Shields
 + Level 17.4 Spellcasting
 + Level 17.4 Conjurations
 + Level 17.4 Hexes
 + Level 17.4 Summonings
 + Level 17.4 Necromancy
 + Level 17.4 Translocations
 + Level 17.4 Fire Magic
 + Level 17.4 Ice Magic
 + Level 17.4 Air Magic
 + Level 17.4 Earth Magic
 + Level 17.4 Alchemy
 + Level 13.1 Invocations
 - Level 5.0 Evocations


You knew the following spells:

 Your Spells              Type           Power      Damage    Failure   Level
a - Shock                 Conj/Air       100%       1d9       0%          1
b - Blink                 Tloc           100%       N/A       0%          2
c - Mephitic Cloud        Conj/Alch/Air  97%        N/A       0%          3
d - Ozocubu's Armour      Ice            97%        N/A       0%          3
e - Yara's Violent Unrav  Hex/Alch       48%        3d19      1%          5
f - Lee's Rapid Deconstr  Erth           48%        3d23*     1%          5
g - Starburst             Conj/Fire      48%        6d13      1%          6
h - Bombard               Conj/Erth      48%        9d8       1%          6
i - Sculpt Simulacrum     Ice/Alch       48%        N/A       1%          6
j - Monstrous Menagerie   Summ           48%        N/A       2%          7
Your spell library was empty.

Dungeon Overview and Level Annotations

Branches:
Dungeon (15/15)            Temple (1/1) D:6            Lair (5/5) D:11
  Swamp (4/4) Lair:3        Snake (4/4) Lair:3        Slime (0/5) Lair:5
    Orc (2/2) D:11            Elf (0/3) Orc:2        Vaults (3/5) D:14
  Crypt (0/3) Vaults:2     Depths (0/4) D:15        Volcano (visited)

Altars:
Ashenzari
Cheibriados
Dithmenos
Elyvilon
Fedhas
Gozag
Hepliaklqana
Makhleb
Nemelex Xobeh
Okawaru
Qazlal
Ru
Trog
Uskayaw
Wu Jian
Xom
Yredelemnul
Zin
The Shining One
Jiyva

Shops:
D:1 ?   D:13 ?   Orc:2 =([?=   Snake:1 (==:   Snake:2 *((*   Snake:3 *
Snake:4 [?   Vaults:2 *

Annotations:
D:3 Ijyb
D:8 1 runed translucent door, exclusion: door, Burzz's ghost, novice DrSh
D:11 3 runed translucent doors, exclusion: 3 doors, drcatpants2's ghost, journeyman TeBe; unrecovered's ghost, journeyman DjFE


Innate Abilities, Weirdness & Mutations

You are immune to sickness and miasma.
You are immune to poison.
Your flesh is very heat resistant. (rF++)
You are vulnerable to cold. (rC-)
You float through the air rather than walking.
You learn spells naturally, not from books.
Your magical power is your life essence.
You have superior vitality. (+4 MHP)


Message History

The ironbound frostheart calls freezing cold from the walls.
The frost grips you! You resist.
You are encased in ice.
The frost grips your yaktaur simulacrum.
Your yaktaur simulacrum completely resists.
The nameless horror barely misses you.
Your yaktaur simulacrum hits the tengu reaver.
Your yaktaur simulacrum freezes the tengu reaver!!
The yaktaur captain barely misses you.
The tengu reaver gestures at you while chanting.
The bolt of fire misses you.
You swap places.
The ice encasing you melts away.
The yaktaur captain hits the nameless horror!!
The yaktaur captain hits itself!!
Your yaktaur simulacrum hits the yaktaur captain.
Your yaktaur simulacrum freezes the yaktaur captain!!
The tengu reaver hits you from afar with a +0 halberd!!
* * * LOW HITPOINT WARNING * * *
The nameless horror hits your yaktaur simulacrum!
Your yaktaur simulacrum hits the tengu reaver but does no damage.
The tengu reaver hits your yaktaur simulacrum with a +0 halberd!!
The tengu reaver pecks your yaktaur simulacrum.
Your yaktaur simulacrum vaporises!
The nameless horror hits your yaktaur simulacrum.
Your yaktaur simulacrum hits the yaktaur captain.
Your yaktaur simulacrum freezes the yaktaur captain!
Something hits the tengu reaver!
The tengu reaver casts a spell at you. The bolt of acid hits you!!
* * * LOW HITPOINT WARNING * * *
The vault warden is engulfed in noxious fumes.
The ironbound convoker casts a spell at the war gargoyle.
The war gargoyle seems to grow stronger.
The tengu reaver gestures at you while chanting.
The bolt of negative energy hits you! You partially resist.
You feel drained.
* * * LOW HITPOINT WARNING * * *
The ironbound frostheart calls freezing cold from the walls.
The frost grips you. You resist.
You die...

####### #.....#
#..<..# #.###.#
#..#).# #.###@#
#..#..# #.###.#
#..#..# #.###.#
#.X.ZQ# .
#.c.p.# .
....###'###....
......)pp......


You could see a tengu reaver (repels missiles), an ironbound frostheart (ally
target) and a friendly yaktaur simulacrum.

Vanquished Creatures
  Nikola (Vaults:2)
  Gastronok (Lair:3)
  An ancient champion (Vaults:2)
  Agnes (Snake:3)
  8 nagarajas
  A fenstrider witch (Swamp:2)
  7 vault wardens
  An orc warlord (Orc:2)
  9 ironbound preservers
  2 ghouls
  3 very ugly things
  4 ironbound thunderhulks
  Nessos (D:14)
  A minotaur (D:12)
  10 eleionomae
  3 dire elephants (Vaults:2)
  The ghost of Ycigyrier the Severer, a journeyman HOFi of Beogh (D:12)
  7 bunyips
  Snorg (Orc:1)
  2 green deaths (Swamp:4)
  A fire dragon (D:15)
  2 entropy weavers (Vaults:1)
  2 great orbs of eyes (Swamp:4)
  2 ettins (Vaults:1)
  5 vault guards
  2 salamander tyrants
  3 shambling mangroves
  Harold (Orc:1)
  A hell beast (Swamp:4)
  2 yaktaur captains
  A ghost crab (Swamp:1)
  An ice dragon (D:15)
  18 hydras
  6 centaur warriors
  7 boulder beetles
  Erica (D:8)
  9 alligators
  2 catoblepae
  11 two-headed ogres
  11 anacondas
  A death knight (D:13)
  A tengu warrior (D:13)
  5 ironbound frosthearts
  17 naga warriors
  2 orc high priests (Orc:2)
  13 naga sharpshooters
  A sphinx skeleton (Vaults:2)
  2 death yaks (Lair:2)
  6 shock serpents
  A hell knight (Volcano)
  2 spriggan berserkers
  Urug (Lair:3)
  3 skysharks
  4 goliath frogs
  2 sea snakes (Snake:1)
  4 salamander mystics
  12 skeletal warriors
  15 mana vipers
  2 spriggan druids
  26 deep trolls
  An arcanist (Vaults:1)
  6 swamp dragons
  6 naga ritualists
  7 ironbound convokers
  8 lindwurms
  11 bog bodies
  A phantasmal warrior (Vaults:1)
  A deep elf pyromancer (D:14)
  5 orc knights
  14 ugly things
  2 orc sorcerers (Orc:2)
  3 manticores
  2 will-o-the-wisps (Swamp:2)
  20 salamanders
  6 cyclopes
  A stone giant skeleton (Vaults:2)
  3 guardian serpents
  9 naga magi
  32 slime creatures
  12 elephants
  4 vault sentinels
  Maurice (D:7)
  8 kobold blastminers
  A torpor snail (Lair:2)
  40 black mambas
  19 cane toads
  4 orange demons (Swamp:4)
  An elf skeleton (Vaults:2)
  Maggie (Lair:2)
  3 human skeletons (Vaults:2)
  3 rime drakes
  An unseen horror (D:12)
  2 large abominations (Swamp:4)
  18 komodo dragons
  A kobold demonologist (D:10)
  A freezing wraith (D:14)
  11 yaktaurs
  3 tengu conjurers
  2 polar bears (shapeshifter)
  A bloated husk (Swamp:1)
  A queen bee (D:9)
  10 tyrant leeches
  5 trolls
  23 hornets
  7 polar bears
  4 blink frogs
  2 dream sheep
  6 shadows
  26 spriggans
  A culicivora (Vaults:1)
  A deep troll skeleton (Vaults:2)
  9 basilisks
  An ettin skeleton (Vaults:2)
  2 wraiths (D:12)
  A vampire (D:11)
  Eustachio (D:4)
  2 wyverns
  31 yaks
  16 humans (D:14)
  8 vampire mosquitoes (D:12)
  2 redbacks (Vaults:1)
  5 wargs
  18 swamp worms
  46 nagas
  An acid dragon (D:9)
  22 water moccasins
  39 orc warriors
  A sky beast (D:6)
  2 swamp drakes (Swamp:1)
  3 boggarts (Lair:5)
  3 ice beasts
  4 ogres
  18 centaurs
  6 black bears
  24 wolves
  A phantom (D:4)
  6 kobold brigands
  2 necrophages (Swamp:4)
  16 bullfrogs
  A gnoll sergeant (D:5)
  3 scorpions (D:5)
  9 wights
  24 killer bees (D:9)
  5 howler monkeys
  A lava snake (Lair:3)
  A bombardier beetle (D:3)
  2 hounds
  3 jellies
  18 orc priests
  A gnoll bouda (D:7)
  A sleepcap (D:6)
  4 iguanas
  34 orc wizards
  7 hell rats
  6 adders
  14 gnolls
  9 river rats (Lair:5)
  A shadow imp (D:6)
  A white imp (D:5)
  4 dart slugs
  3 ribbon worms
  108 orcs
  4 ball pythons
  2 bats (D:1)
  5 endoplasms
  A giant cockroach (D:1)
  7 goblins
  8 hobgoblins
  4 jackals (D:1)
  3 quokkas
  A frilled lizard (D:1)
  31 kobolds
  4 rats
1254 creatures vanquished.

Vanquished Creatures (collateral kills)
  A naga ritualist (Snake:4)
  A human skeleton (Vaults:2)
2 creatures vanquished.

Vanquished Creatures (others)
  4 foxfires (Swamp:2)
4 creatures vanquished.

Grand Total: 1260 creatures vanquished

Notes
Turn   | Place    | Note
-------+----------+-------------------------------------------
     0 | D:1      | oldmanjim the Djinni Monk began the quest for the Orb.
     0 | D:1      | Reached XP level 1. HP: 20/20 MP: 0/0
   112 | D:1      | Reached XP level 2. HP: 12/25 MP: 0/0
   355 | D:1      | Found a faded altar of an unknown god.
   458 | D:1      | Reached XP level 3. HP: 25/30 MP: 0/0
   458 | D:1      | Learned a level 1 spell: Shock
   610 | D:1      | Found Lool's Magic Scroll Boutique.
   618 | D:1      | Bought a scroll of teleportation for 39 gold pieces
  1074 | D:2      | Reached skill level 1 in Spellcasting
  1074 | D:2      | Reached skill level 1 in Conjurations
  1074 | D:2      | Reached skill level 1 in Hexes
  1074 | D:2      | Reached skill level 1 in Summonings
  1074 | D:2      | Reached skill level 1 in Necromancy
  1074 | D:2      | Reached skill level 1 in Translocations
  1074 | D:2      | Reached skill level 1 in Fire Magic
  1074 | D:2      | Reached skill level 1 in Ice Magic
  1074 | D:2      | Reached skill level 1 in Air Magic
  1074 | D:2      | Reached skill level 1 in Earth Magic
  1074 | D:2      | Reached skill level 1 in Alchemy
  1074 | D:2      | Reached XP level 4. HP: 25/35 MP: 0/0
  1743 | D:1      | Bought a scroll of fear for 52 gold pieces
  1776 | D:3      | Found a sparkling altar of Nemelex Xobeh.
  2148 | D:3      | Reached XP level 5. HP: 35/41 MP: 0/0
  2148 | D:3      | Learned a level 2 spell: Blink
  2623 | D:3      | Noticed Ijyb
  2623 | D:3      | Paralysed by Ijyb for 3 turns
  2630 | D:3      | Paralysed by Ijyb for 4 turns
  2638 | D:3      | Paralysed by Ijyb for 2 turns
  2664 | D:3      | Paralysed by Ijyb for 2 turns
  3076 | D:4      | Noticed Eustachio
  3101 | D:4      | Killed Eustachio
  3102 | D:4      | Reached XP level 6. HP: 28/47 MP: 0/0
  3975 | D:4      | Reached XP level 7. HP: 8/52 MP: 0/0
  3975 | D:4      | Learned a level 3 spell: Mephitic Cloud
  4450 | D:5      | Entered Level 5 of the Dungeon
  4458 | D:5      | Identified the +10 plate armour of Hopscotch {Rampage rElec
                  | rPois Str-5}
  4651 | D:5      | Found an iron altar of Okawaru.
  4653 | D:5      | Found a runed translucent door.
  4656 | D:5      | Found the +0 toga "Victory" {*Victory Clar}
  5147 | D:5      | Reached XP level 8. HP: 46/58 MP: 0/0
  5390 | D:4      | Reached skill level 5 in Dodging
  5396 | D:5      | Reached skill level 5 in Fighting
  5634 | D:5      | Reached skill level 5 in Spellcasting
  5634 | D:5      | Reached skill level 5 in Conjurations
  5634 | D:5      | Reached skill level 5 in Hexes
  5634 | D:5      | Reached skill level 5 in Summonings
  5634 | D:5      | Reached skill level 5 in Necromancy
  5634 | D:5      | Reached skill level 5 in Translocations
  5634 | D:5      | Reached skill level 5 in Fire Magic
  5634 | D:5      | Reached skill level 5 in Ice Magic
  5634 | D:5      | Reached skill level 5 in Air Magic
  5634 | D:5      | Reached skill level 5 in Earth Magic
  5634 | D:5      | Reached skill level 5 in Alchemy
  6268 | D:6      | Reached skill level 5 in Short Blades
  6382 | D:6      | Noticed a two-headed ogre
  6627 | D:6      | Reached XP level 9. HP: 56/65 MP: 0/0
  6627 | D:6      | Learned a level 3 spell: Ozocubu's Armour
  6752 | D:6      | Found a staircase to the Ecumenical Temple.
  6761 | Temple   | Entered the Ecumenical Temple
  6768 | Temple   | Became a worshipper of Makhleb the Destroyer
  6768 | Temple   | Reached * piety under Makhleb
  6768 | Temple   | Reached ** piety under Makhleb
  6892 | D:6      | Found a blossoming altar of Fedhas.
  6981 | D:6      | Reached skill level 1 in Invocations
  7187 | D:6      | Killed a two-headed ogre
  7386 | D:7      | Noticed Maurice
  7394 | D:7      | Killed Maurice
  7395 | D:7      | Reached XP level 10. HP: 57/72 MP: 0/0
  8092 | D:7      | Identified the +1 dagger of Tumult {flame, Will+ Str-4
                  | Dex+2}
  8526 | D:8      | Noticed Erica
  8540 | D:8      | Killed Erica
  8559 | D:8      | Reached skill level 5 in Invocations
  8588 | D:8      | Reached *** piety under Makhleb
  9000 | D:8      | Found a runed translucent door.
  9000 | D:8      | Noticed a +2 trident of chaos
  9001 | D:8      | Found a shimmering altar of Xom.
  9001 | D:8      | Noticed Burzz's ghost (novice DrSh)
  9097 | D:9      | Reached XP level 11. HP: 79/79 MP: 0/0
  9097 | D:9      | Learned a level 5 spell: Yara's Violent Unravelling
  9714 | D:1      | Bought 3 scrolls of identify for 78 gold pieces
  9714 | D:1      | Bought a scroll of identify for 26 gold pieces
  9714 | D:1      | Bought a scroll of teleportation for 39 gold pieces
  9719 | D:1      | Identified a scroll of acquirement
  9720 | D:1      | Acquired the +0 quick blade of Xaytaf {antimagic, Int+4}
 10026 | D:9      | Noticed a two-headed ogre
 10038 | D:9      | Killed a two-headed ogre
 10039 | D:9      | Reached skill level 1 in Evocations
 10234 | D:9      | Reached **** piety under Makhleb
 10317 | D:10     | Entered Level 10 of the Dungeon
 10317 | D:10     | Noticed a two-headed ogre
 10332 | D:10     | Killed a two-headed ogre
 10590 | D:10     | Noticed a two-headed ogre
 10595 | D:10     | Killed a two-headed ogre
 11102 | D:11     | Noticed a manticore
 11139 | D:11     | Killed a manticore
 11159 | D:11     | Noticed a two-headed ogre
 11159 | D:11     | Noticed a two-headed ogre
 11166 | D:11     | Killed a two-headed ogre
 11169 | D:11     | Killed a two-headed ogre
 11170 | D:11     | Reached XP level 12. HP: 81/86 MP: 0/0
 11405 | D:11     | Found a runed translucent gate.
 11405 | D:11     | Found a runed translucent gate.
 11405 | D:11     | Found a runed translucent gate.
 11406 | D:11     | Noticed unrecovered's ghost (journeyman DjFE)
 11409 | D:11     | Noticed drcatpants2's ghost (journeyman TeBe)
 11513 | D:11     | Found a staircase to the Lair.
 11754 | D:11     | Found a staircase to the Orcish Mines.
 11917 | Lair:1   | Entered Level 1 of the Lair of Beasts
 11947 | Lair:1   | Identified the +6 spear of Puofyr {speed, rF- rC+ Int+9}
 12261 | Lair:1   | Reached ***** piety under Makhleb
 12388 | Lair:1   | Reached XP level 13. HP: 94/94 MP: 0/0
 12388 | Lair:1   | Learned a level 5 spell: Lee's Rapid Deconstruction
 12798 | Lair:2   | Noticed Maggie
 12804 | Lair:2   | Killed Maggie
 13011 | Lair:2   | Noticed a six-headed hydra
 13017 | Lair:2   | Killed a six-headed hydra
 13024 | Lair:2   | Reached skill level 10 in Spellcasting
 13024 | Lair:2   | Reached skill level 10 in Conjurations
 13024 | Lair:2   | Reached skill level 10 in Hexes
 13024 | Lair:2   | Reached skill level 10 in Summonings
 13024 | Lair:2   | Reached skill level 10 in Necromancy
 13024 | Lair:2   | Reached skill level 10 in Translocations
 13024 | Lair:2   | Reached skill level 10 in Fire Magic
 13024 | Lair:2   | Reached skill level 10 in Ice Magic
 13024 | Lair:2   | Reached skill level 10 in Air Magic
 13024 | Lair:2   | Reached skill level 10 in Earth Magic
 13024 | Lair:2   | Reached skill level 10 in Alchemy
 13128 | Lair:2   | Identified the +0 ring mail "Beoj" {Str+5 Dex+2}
 13184 | Lair:2   | Noticed a six-headed hydra
 13190 | Lair:2   | Killed a six-headed hydra
 13191 | Lair:2   | Reached skill level 10 in Short Blades
 13663 | Lair:2   | Noticed an eight-headed hydra
 13673 | Lair:2   | Killed an eight-headed hydra
 14004 | Lair:2   | Noticed a four-headed hydra
 14012 | Lair:2   | Killed a four-headed hydra
 14054 | Lair:2   | Reached XP level 14. HP: 71/101 MP: 0/0
 14072 | Lair:2   | Reached skill level 1 in Armour
 14360 | Lair:2   | Reached ****** piety under Makhleb
 14587 | Lair:3   | Noticed Gastronok
 14599 | Lair:3   | Killed Gastronok
 14643 | Lair:3   | Noticed Urug
 14657 | Lair:3   | Killed Urug
 14728 | Lair:3   | Found a staircase to the Snake Pit.
 14985 | Lair:3   | Found a dark tunnel.
 14994 | Volcano  | Entered a volcano
 15124 | Volcano  | Identified the +0 pair of boots "Civ Rutimoa" {Rampage
                  | rElec rF++ Str-3}
 15214 | Lair:3   | Found a staircase to the Swamp.
 15689 | Lair:4   | Found a shimmering altar of Xom.
 16080 | Lair:4   | Reached skill level 10 in Dodging
 16445 | Lair:5   | Entered Level 5 of the Lair of Beasts
 16652 | Lair:5   | Reached skill level 10 in Fighting
 16710 | Lair:5   | Reached XP level 15. HP: 107/107 MP: 0/0
 16710 | Lair:5   | Learned a level 6 spell: Starburst
 16750 | Lair:5   | Reached skill level 5 in Armour
 17554 | Lair:5   | Found a viscous altar of Jiyva.
 17554 | Lair:5   | Found a staircase to the Slime Pits.
 17874 | Orc:1    | Entered Level 1 of the Orcish Mines
 18059 | Orc:2    | Entered Level 2 of the Orcish Mines
 18124 | Orc:2    | Found Qyosk's Magic Scroll Shoppe.
 18274 | Orc:2    | Found Dawedepn's Jewellery Emporium.
 18416 | Orc:2    | Reached skill level 10 in Invocations
 18970 | Orc:2    | Found a staircase to the Elven Halls.
 19110 | Orc:2    | Noticed an orc warlord
 19140 | Orc:2    | Killed an orc warlord
 19220 | Orc:2    | Found Caaraom's Antique Armour Emporium.
 19222 | Orc:2    | Found Sijec's Antique Weapon Shoppe.
 19294 | Orc:2    | Found Buxt's Jewellery Shoppe.
 19299 | Orc:2    | Bought a ring of protection from cold for 350 gold pieces
 19400 | Orc:1    | You are sucked into a shaft and drop 1 floor!
 19465 | Orc:1    | Noticed Harold
 19484 | Orc:1    | Killed Harold
 19532 | Orc:1    | Noticed Snorg
 19539 | Orc:1    | Killed Snorg
 19540 | Orc:1    | Reached XP level 16. HP: 116/116 MP: 0/0
 19906 | Orc:2    | Bought a scroll of identify for 22 gold pieces
 19906 | Orc:2    | Bought a scroll of identify for 22 gold pieces
 19906 | Orc:2    | Bought a scroll of identify for 22 gold pieces
 19906 | Orc:2    | Bought a scroll of identify for 22 gold pieces
 19906 | Orc:2    | Bought a scroll of acquirement for 572 gold pieces
 19915 | Orc:2    | Acquired the ring "Popaifu" {rElec Will+ Str+3 Int-2}
 20032 | D:12     | Noticed Ycigyrier's ghost (journeyman HOFi)
 20152 | D:12     | Found a runed translucent gate.
 20152 | D:12     | Found a runed translucent gate.
 20368 | D:12     | Found a runed translucent gate.
 20505 | D:12     | Identified the +9 quarterstaff of Dullness {elec, *Rage
                  | MP+9 Int+2 Dex+2}
 20699 | D:12     | Killed Ycigyrier's ghost
 21212 | D:13     | Found Ynekhluqo's Magic Scroll Boutique.
 21222 | D:13     | Bought a scroll of identify for 30 gold pieces
 21222 | D:13     | Bought a scroll of identify for 30 gold pieces
 21753 | D:14     | Noticed Nessos
 21753 | D:14     | Found a gate to the Vaults.
 21763 | D:14     | Killed Nessos
 22050 | D:14     | Found a hide-covered altar of Uskayaw.
 22451 | D:15     | Entered Level 15 of the Dungeon
 22814 | D:15     | Found a staircase to the Depths.
 22994 | D:15     | Acquired the +3 kite shield of Zelliwno {rN+}
 23118 | D:15     | Found a white marble altar of Elyvilon.
 23229 | D:15     | Reached XP level 17. HP: 121/121 MP: 0/0
 23229 | D:15     | Learned a level 6 spell: Bombard
 23316 | D:15     | Reached skill level 1 in Shields
 23500 | Snake:1  | Entered Level 1 of the Snake Pit
 23546 | Swamp:1  | Entered Level 1 of the Swamp
 24370 | Swamp:1  | Reached skill level 5 in Shields
 25729 | Swamp:3  | Found the +3 pair of gauntlets of War {Slay+5}
 25749 | Swamp:3  | Identified the amulet "Immitora" {Spirit Regen+}
 26207 | Swamp:4  | Entered Level 4 of the Swamp
 26409 | Swamp:4  | Reached XP level 18. HP: 128/128 MP: 0/0
 27107 | Swamp:4  | Reached skill level 10 in Shields
 27371 | Swamp:4  | Reached skill level 15 in Spellcasting
 27371 | Swamp:4  | Reached skill level 15 in Conjurations
 27371 | Swamp:4  | Reached skill level 15 in Hexes
 27371 | Swamp:4  | Reached skill level 15 in Summonings
 27371 | Swamp:4  | Reached skill level 15 in Necromancy
 27371 | Swamp:4  | Reached skill level 15 in Translocations
 27371 | Swamp:4  | Reached skill level 15 in Fire Magic
 27371 | Swamp:4  | Reached skill level 15 in Ice Magic
 27371 | Swamp:4  | Reached skill level 15 in Air Magic
 27371 | Swamp:4  | Reached skill level 15 in Earth Magic
 27371 | Swamp:4  | Reached skill level 15 in Alchemy
 27415 | Swamp:4  | Reached skill level 1 in Stealth
 27422 | Swamp:4  | Got a decaying rune of Zot
 27661 | Snake:1  | Found Ohiech's Book Shoppe.
 27661 | Snake:1  | Found Migrak's Jewellery Emporium.
 27667 | Snake:1  | Found Som Zeovvy's Jewellery Shoppe.
 27706 | Snake:1  | Acquired the scarf of the Eternal Fruit {rC+ rF+, rPois
                  | Dex+2}
 27733 | Snake:1  | Found Raobb's Firing Range.
 27744 | Snake:1  | Bought a throwing net for 48 gold pieces
 28528 | Snake:2  | Identified the +5 whip of Responsibility {freeze, rN+}
 28619 | Snake:2  | You are sucked into a shaft and drop 1 floor!
 28851 | Snake:2  | Reached XP level 19. HP: 130/133 MP: 0/0
 28851 | Snake:2  | Learned a level 6 spell: Sculpt Simulacrum
 29033 | Snake:2  | Reached skill level 5 in Evocations
 29048 | Snake:2  | Found Hageahex's Weapon Shop.
 29048 | Snake:2  | Found Vuzoxty's Weapon Boutique.
 29073 | Snake:2  | Found Dysuh's Assorted Antiques.
 29077 | Snake:2  | Found Sapev's General Store.
 29404 | Snake:3  | Noticed Agnes
 29411 | Snake:3  | Killed Agnes
 29529 | Snake:3  | Found Nathreekk's General Store.
 30139 | Snake:4  | Entered Level 4 of the Snake Pit
 30163 | Snake:4  | Found Gesmag's Armour Emporium.
 30234 | Snake:4  | Found a flickering gateway to a bazaar.
 30243 | Bazaar   | Entered a bazaar
 30259 | Bazaar   | Found Samir's Jewellery Emporium.
 30260 | Bazaar   | Found Awny's Antique Weapon Emporium.
 30302 | Bazaar   | Found Wakamiot's Weapon Shoppe.
 30302 | Bazaar   | Found Joyqe's Antique Weapon Shoppe.
 30517 | Snake:4  | Found Gypro's Magic Scroll Shop.
 30523 | Snake:4  | Bought a scroll of revelation for 105 gold pieces
 31275 | Snake:4  | Reached XP level 20. HP: 134/141 MP: 0/0
 31527 | Snake:4  | Got a serpentine rune of Zot
 31963 | Vaults:1 | Entered Level 1 of the Vaults
 33389 | Vaults:2 | Reached XP level 21. HP: 108/149 MP: 0/0
 33389 | Vaults:2 | Learned a level 7 spell: Monstrous Menagerie
 34062 | Vaults:2 | Noticed Nikola
 34070 | Vaults:2 | Killed Nikola
 34167 | Vaults:2 | Identified the +7 war axe "Murmur" {venom, ^Drain rElec
                  | rPois Str+4}
 34251 | Vaults:2 | Found Xodipn's General Store.
 34898 | Vaults:2 | Found a staircase to the Crypt.
 35023 | Vaults:3 | Identified the +10 falchion of Wuluidwuuth {pain, Fly rElec
                  | rPois MP-9}
 35060 | Vaults:3 | HP: 3/146 [tengu reaver/bolt of negative energy[Sojobo]
                  | (15)]
 35060 | Vaults:3 | Killed from afar by an ironbound frostheart

Illustrated notes

Levels and vault maps discovered:
D:1:      heliophobic_arrival_enchanted_forest, layout_basic,
          shapermc_ecumenical_altar_gd, serial_shops, shop, chequers_big_river,
          st_stairs_13
D:2:      layout_basic
D:3:      layout_loops_ring, mainiacjoe_overflow_six_doors_small, uniq_ijyb
D:4:      layout_gridville, corexii_leaking_fountain,
          nicolae_twisty_statue_hallways, uniq_eustachio
D:5:      layout_layer_cave, nicolae_overflow_guarded_unrand_okawaru_victory
D:6:      layout_cave_pools, mainiacjoe_overflow_catwalk,
          minmay_temple_entry_mini_moons
D:7:      layout_gridville, uniq_maurice
D:8:      layout_rooms, ebering_ghost_xom, uniq_erica
D:9:      layout_roguey [special_room_bee]
D:10:     layout_small_grid, grunt_ministairs_13, nicolae_figureground_sparkle
D:11:     layout_basic, lair_entry_dummy, orc_0_dummy, gammafunk_ghost_cemetery,
          lightli_fourway_metalbox
D:12:     layout_roguey, maelrawn_ghost_gauntlet_escape
D:13:     layout_loops_ring, serial_shops, shop
D:14:     layout_roguey, david_vaults_3, nrook_mini_vaults,
          nicolae_uskayaw_dance_hall
D:15:     grunt_enter_depths_hoard, layout_cave_pods,
          nicolae_elyvilon_peaceful_grove
Temple:   compressed_dpeg_triangle_lava_temple
Lair:1:   layout_long_grid
Lair:2:   nzn_winding_woodlands_huge [nzn_winding_woodlands_5x15_jagged,
          nzn_winding_woodlands_5x15_concentric,
          nzn_winding_woodlands_5x15_crooked,
          nzn_winding_woodlands_5x15_default, nzn_winding_woodlands_5x15_twine,
          nzn_winding_woodlands_5x15_pathside_ponds,
          nzn_winding_woodlands_5x15_eye, nzn_winding_woodlands_5x15_parted,
          nzn_winding_woodlands_5x15_pockets,
          nzn_winding_woodlands_5x15_split_checker,
          nzn_winding_woodlands_center_garden,
          nzn_winding_woodlands_center_diamonds,
          nzn_winding_woodlands_15x15_boxy_spiral], layout_small_grid,
          uniq_maggie
Lair:3:   layout_gridlike, skrybe_swamp_entry_bodies,
          guppyfry_snake_entry_garden, nicolae_volcano_entry_lava_flow,
          serial_bayou_shore_b, uniq_urug, uniq_gastronok
Lair:4:   layout_gridlike, basic_altar, grunt_megastairs_1
Lair:5:   minmay_lair_end_enchanted_forest, layout_hall_layers,
          dpeg_slime_entry_enclosed, kennysheep_rathole, lemuel_fruit_tree
Swamp:1:  layout_falls_marsh, evilmike_swamp_ruin_house_3, swamp_pool_4,
          nicolae_swamp_soggy_hallways
Swamp:2:  layout_basic_swamp, evilmike_swamp_ruin_rubble_1
Swamp:3:  layout_basic_swamp, hangedman_swamp_pad, swamp_pool_1_2
Swamp:4:  swamp_vile, layout_basic_swamp, swamp_pool_1_2,
          nicolae_swamp_small_spring, nicolae_swamp_very_dense_foliage,
          nicolae_swamp_decorative_isthmus
Snake:1:  layout_misc_corridors, nicolae_shop_firing_range, minmay_shop_star,
          serial_bayou_shore_a
Snake:2:  layout_misc_corridors, nicolae_snake_double_loop,
          serial_library_hellmonk_room_b, minmay_shoptagon
Snake:3:  layout_cave_town, serial_shops, nicolae_shop_hallway_stairs,
          uniq_agnes
Snake:4:  minmay_snake_end_coiled, layout_basic, serial_shops,
          bzr_entry_lakeside, shop, nicolae_shop_pleasant_corner_grove,
          nicolae_zig_zag_zippers
Orc:1:    layout_diamond_mine, uniq_harold, uniq_snorg
Orc:2:    grunt_orc_community_town_hall, layout_caves,
          grunt_orc_community_big_house_1, grunt_orc_community_big_house_2,
          grunt_orc_community_house_3, grunt_orc_community_house_1,
          grunt_orc_community_house_2, grunt_orc_community_house_2,
          grunt_orc_community_house_3, grunt_orc_community_house_2,
          serial_shops, nicolae_shop_trees
Vaults:1: nicolae_vaults_tetromino_L_2, nicolae_vaults_halls_meeting,
          nicolae_vaults_heart-shaped_vault, nicolae_vaults_mini_display_case,
          nicolae_vaults_puzzle_piece, v_pattern_2, vaults_room_semicircle,
          v_misc_22, v_alt_pattern_3, nicolae_vaults_theta,
          nicolae_vaults_six-pack, nicolae_vaults_double_plus_1,
          ontoclasm_vaults_spin, layout_vaults_omnibox
Vaults:2: nicolae_vaults_shrinking_rooms_1, nicolae_vaults_more_shelving_2,
          vaults_room_door_ring, ontoclasm_vaults_chip, v_misc_12,
          nicolae_vaults_tangram_1, minmay_crypt_entry_skeletal_spiral,
          nicolae_vaults_theta, v_misc_2, hangedman_vaults_slice,
          layout_vaults_omnigrid, serial_shops,
          nicolae_shop_tiny_real_fake_doors, uniq_nikola
Vaults:3: gammafunk_ghost_ooze, gargoyle_guard, v_misc_15,
          vaults_room_door_hall, nicolae_vaults_doubleplus_tesselated,
          v_pattern_1, nicolae_vaults_shelves_hall, nicolae_vaults_heist,
          nicolae_vaults_specimen_jars, ontoclasm_vaults_fault,
          layout_vaults_chaotic_city, uniq_bai_suzhen, uniq_asterion,
          uniq_sojobo

Skill      XL: |  1  2  3  4  5  6  7  8  9 10 11 12 13 14 15 16 17 18 19 20 21 |
---------------+----------------------------------------------------------------+-----
Short Blades   | 3 5 6 7 8 9 11 12 13 14 | 14.0
Dodging        | 4 5 6 7 8 9 10 11 12 | 12.9
Spellcasting   | 1 3 4 5 6 8 9 11 12 13 14 15 16 17 | 17.4
Conjurations   | 1 3 4 5 6 8 9 11 12 13 14 15 16 17 | 17.4
Hexes          | 1 3 4 5 6 8 9 11 12 13 14 15 16 17 | 17.4
Summonings     | 1 3 4 5 6 8 9 11 12 13 14 15 16 17 | 17.4
Necromancy     | 1 3 4 5 6 8 9 11 12 13 14 15 16 17 | 17.4
Translocations | 1 3 4 5 6 8 9 11 12 13 14 15 16 17 | 17.4
Fire Magic     | 1 3 4 5 6 8 9 11 12 13 14 15 16 17 | 17.4
Ice Magic      | 1 3 4 5 6 8 9 11 12 13 14 15 16 17 | 17.4
Air Magic      | 1 3 4 5 6 8 9 11 12 13 14 15 16 17 | 17.4
Earth Magic    | 1 3 4 5 6 8 9 11 12 13 14 15 16 17 | 17.4
Alchemy        | 1 3 4 5 6 8 9 11 12 13 14 15 16 17 | 17.4
Fighting       | 4 5 6 7 8 9 10 11 12 13 | 13.4
Invocations    | 3 5 6 8 9 10 11 12 13 | 13.1
Evocations     | 3 4 5 |  5.0
Armour         | 4 6 7 9 |  9.5
Shields        | 8 10 | 10.0
Stealth        | 3 |  3.0

Action                     |  1- 3 |  4- 6 |  7- 9 | 10-12 | 13-15 | 16-18 | 19-21 || total
---------------------------+-------+-------+-------+-------+-------+-------+-------++-------
  Melee: Short sword       |    80 |   243 |   228 |    46 |       |       |       ||   597
         Dagger            |       |       |       |   164 |       |       |       ||   164
         Quick blade       |       |       |       |   413 |  1292 |   607 |   572 ||  2884
  Throw: Stone             |       |     3 |       |       |       |       |       ||     3
   Cast: Shock             |    20 |    34 |   118 |   122 |   189 |   230 |   209 ||   922
         Mephitic Cloud    |       |       |    22 |    47 |    84 |    54 |    55 ||   262
         Yara's Violent Un |       |       |       |     3 |       |     1 |       ||     4
         Lee's Rapid Decon |       |       |       |       |    42 |     8 |       ||    50
         Starburst         |       |       |       |       |    36 |   273 |   265 ||   574
         Blink             |       |       |       |       |       |     3 |       ||     3
         Bombard           |       |       |       |       |       |    66 |    77 ||   143
         Sculpt Simulacrum |       |       |       |       |       |       |     3 ||     3
         Monstrous Menager |       |       |       |       |       |       |     2 ||     2
 Invoke: Major Destruction |       |       |       |     1 |     1 |     1 |       ||     3
  Evoke: Wand              |       |     6 |       |       |       |       |       ||     6
    Use: Scroll            |       |     1 |     8 |    12 |     3 |    11 |     1 ||    36
   Stab: Confused          |       |       |    29 |    78 |   137 |    83 |    93 ||   420
         Petrified         |       |       |       |       |     2 |       |       ||     2
         Sleeping          |       |       |       |       |       |     2 |     1 ||     3
 Armour: Robe              |    31 |   135 |    81 |   159 |   271 |   276 |   205 ||  1158
         Acid dragon scale |       |       |       |    19 |       |       |       ||    19
  Dodge: Dodged            |    55 |   142 |   106 |   304 |   424 |   200 |   189 ||  1420
  Block: Kite shield       |       |       |       |       |       |   110 |   303 ||   413
